 Dungeon Crawl Stone Soup version 0.31-a0-180-g519b7de00c (webtiles) character file.

Game seed: 312527803418725206

4451 MacCMillion the Frost Mage (level 10, -1/64 (74) HPs)
             Began as a Gnoll Ice Elementalist on June 20, 2023.
             Slain by a wight
             ... wielding a +0 great sword
              (14 damage)
             ... on level 10 of the Dungeon.
             The game lasted 00:15:16 (10091 turns).

MacCMillion the Frost Mage (GnIE)                  Turns: 10091, Time: 00:15:17

HP:   -1/64 (74)    AC: 21    Str:  8    XL:     10   Next: 37%
MP:   18/21         EV: 14    Int: 25    God:
Gold: 434           SH:  0    Dex: 12    Spells: 12/23 levels left

rFire   + . .        C - +0 flail (protect)
rCold   . . .        (no shield)
rNeg    . . .        a - +0 robe
rPois   +            H - +0 helmet
rElec   .            D - +0 cloak {rPois}
rCorr   .            (no gloves)
SInv    .            J - +0 pair of boots
Will    .....        t - amulet of the acrobat
Stlth   +++          c - +4 ring of protection
HPRegen 0.30/turn    u - +6 ring of intelligence
MPRegen 0.17/turn

%: acrobat
@: mighty, ice-armoured, heavily drained
A: fangs 1, strong nose, distributed training, iridescent scales 1, fire
resistance 1
a: no special abilities


You were on level 10 of the Dungeon.
You visited 2 branches of the dungeon, and saw 11 of its levels.

You collected 434 gold pieces.

Inventory:

Hand Weapons
 e - a +0 dagger
 C - a +0 flail of protection (weapon)
 I - a +2 flail of holy wrath
Missiles
 o - 8 poisoned darts (quivered)
 y - 5 atropa-tipped darts
 A - a throwing net
 K - a curare-tipped dart
 O - 3 boomerangs
Armour
 a - a +0 robe (worn)
 m - a +0 pair of boots
 D - a +0 cloak of poison resistance (worn)
 H - a +0 helmet (worn)
 J - a +0 pair of boots (worn)
Jewellery
 c - a +4 ring of protection (left hand)
 i - a ring of wizardry
 t - an amulet of the acrobat (around neck)
 u - a +6 ring of intelligence (right hand)
 G - a +6 ring of strength
 S - a ring of wizardry
 U - a ring of positive energy
Wands
 n - a wand of polymorph (7)
 r - a wand of iceblast (11)
 w - a wand of paralysis (8)
 R - a wand of flame (35)
Scrolls
 f - a scroll of butterflies {unknown}
 g - 8 scrolls of identify {unknown}
 h - 2 scrolls of vulnerability {unknown}
 l - a scroll of enchant weapon {unknown}
 p - 2 scrolls of fear {unknown}
 q - a scroll of brand weapon {unknown}
 s - 2 scrolls of immolation {unknown}
 x - a scroll of torment {unknown}
 B - a scroll of amnesia {unknown}
 E - a scroll of fog {unknown}
 F - a scroll of noise {unknown}
 P - 2 scrolls of enchant armour {unknown}
Potions
 b - 2 potions of magic
 d - a potion of mutation
 j - a potion of haste {unknown}
 k - 2 potions of cancellation
 v - a potion of heal wounds {unknown}
 z - a potion of berserk rage {unknown}
 L - 3 potions of might
 M - a potion of curing {unknown}
 N - a potion of invisibility {unknown}
 Q - a potion of resistance {unknown}
 T - a potion of enlightenment {unknown}


   Skills:
 + Level 5.4 Fighting
 + Level 5.4 Short Blades
 + Level 5.4 Long Blades
 + Level 5.4 Axes
 + Level 5.4 Maces & Flails
 + Level 5.4 Polearms
 + Level 5.4 Staves
 + Level 5.4 Ranged Weapons
 + Level 5.4 Throwing
 + Level 5.4 Armour
 + Level 7.2 Dodging
 + Level 6.9 Stealth
 + Level 5.4 Shields
 + Level 5.4 Unarmed Combat
 + Level 7.4 Spellcasting
 + Level 4.4 Conjurations
 + Level 4.4 Hexes
 + Level 4.4 Summonings
 + Level 4.4 Necromancy
 + Level 4.4 Translocations
 + Level 4.4 Transmutations
 + Level 4.4 Fire Magic
 + Level 8.5 Ice Magic
 + Level 4.4 Air Magic
 + Level 4.4 Earth Magic
 + Level 4.4 Poison Magic
 + Level 5.9 Invocations
 + Level 5.4 Evocations


You had 12 spell levels left.
You knew the following spells:

 Your Spells              Type           Power      Damage    Failure   Level
a - Freeze                Ice            100%       1d10      1%          1
b - Frozen Ramparts       Ice            100%       1d16      1%          3
c - Ozocubu's Armour      Ice            51%        N/A       1%          3
d - Summon Ice Beast      Ice/Summ       41%        N/A       4%          4

Your spell library contained the following spells:

 Spells                   Type           Power      Damage    Failure   Level
 Beastly Appendage        Tmut           62%        N/A       1%          1
 Foxfire                  Conj/Fire      100%       2x1d9     1%          1
 Wereblood                Tmut           31%        N/A       1%          2
 Ignite Poison            Fire/Tmut/Pois 31%        N/A       3%          3
 Spider Form              Tmut/Pois      31%        N/A       3%          3
 Sticky Flame             Conj/Fire      31%        2d5       10%         4
 Fireball                 Conj/Fire      15%        3d8       28%         5
 Plasma Beam              Fire/Air       15%        2x1d27    83%         6
 Starburst                Conj/Fire      15%        6d6       83%         6
 Ignition                 Fire           15%        3d6       100%        8
 Chain Lightning          Conj/Air       15%        3d20      100%        9
 Fire Storm               Conj/Fire      15%        8d4       100%        9
 Shatter                  Erth           15%        3d15*     100%        9


Dungeon Overview and Level Annotations

Branches:
Dungeon (10/15)            Temple (1/1) D:4
   Lair: D:8-11         Orc: D:9-12

Altars:
Ashenzari
Cheibriados
Dithmenos
Elyvilon
Fedhas
Gozag
Hepliaklqana
Kikubaaqudgha
Makhleb
Nemelex Xobeh
Okawaru
Qazlal
Ru
Sif Muna
Trog
Uskayaw
Vehumet
Wu Jian
Xom
Yredelemnul
Zin
The Shining One

Shops:
D:2 [   D:7 (

Annotations:
D:4 Sigmund
D:7 2 transporters
D:10 exclusions: electric eel and shadow


Innate Abilities, Weirdness & Mutations

You have very sharp teeth.
Your uncanny sense of smell can sniff out nearby items.
Your experience applies equally to all skills.
You are partially covered in iridescent scales. (AC +2)
Your flesh is heat resistant. (rF+)


Message History

You hit the wight but do no damage.
The wight is heavily damaged.
The wight hits you with a +5 halberd of freezing.
* * * LOW HITPOINT WARNING * * *
The wight freezes you.
* * * LOW HITPOINT WARNING * * *
The wight hits you but does no damage. The wight misses you.
The wight closely misses you.
It was a potion of mutation.
You feel extremely strange.
You feel resistant to heat.
Iridescent scales grow over part of your body.
The wight misses you.
The wight hits you with a +5 halberd of freezing.
* * * LOW HITPOINT WARNING * * *
You feel drained.
* * * LOW HITPOINT WARNING * * *
The wight freezes you.
* * * LOW HITPOINT WARNING * * *
It was a potion of cancellation.
Your magical effects are unravelling.
You feel magically purged.
Your icy armour evaporates.
The wight closely misses you. The wight hits you but does no damage.
Okay, then.
Casting: Ozocubu's Armour (safe; 1% risk of failure)
Confirm with . or Enter, or press ? or * to list all spells.
A film of ice covers your body! The wight misses you.
The wight hits you but does no damage.
Unknown command.
It was a potion of might.
You feel very mighty all of a sudden. The wight misses you.
The wight closely misses you.
You barely miss the wight.
The wight is heavily damaged.
The wight hits you but does no damage. The wight misses you.
You barely miss the wight. You bite the wight.
The wight is almost destroyed.
The wight hits you but does no damage.
The wight hits you with a +0 great sword!
You die...

≈≈≈≈≈≈≈≈~≈..# #.....#.#
≈≈≈≈≈≈≈~~...# #.###.#.#
≈≈≈≈~~~.....#####.# #...#
####........'.....#######
##........##.........#
#......##.#..........#
###.#.......#..........#
#...#..######..........#
#.#.#..#....[..z@......#
#.###..#.#####..z......#
#......#....##.........#
######.####............#
#...................#
#.#...#.#.#.........#
#.###.#...#.#'#######
#.....#####.#..# #######
#.##.#


You could see 2 wights.

Vanquished Creatures
  A two-headed ogre (D:7)
  A wyvern (D:9)
  Edmund (D:4)
  4 water moccasins
  2 orc warriors (D:8)
  2 ice beasts
  A sky beast (D:7)
  A black bear (D:5)
  5 ogres
  2 centaurs
  3 phantoms
  A kobold brigand (D:6)
  A gnoll sergeant (D:6)
  A bullfrog (D:8)
  3 scorpions
  12 killer bees
  An electric eel (D:10)
  2 howler monkeys (D:8)
  A jelly (D:7)
  2 hounds
  4 orc priests
  2 gnoll boudas
  Crazy Yiuf (D:4)
  Terence (D:3)
  Jessica (D:2)
  2 sleepcaps
  Ijyb (D:3)
  5 iguanas
  2 orc wizards
  8 gnolls
  5 adders
  2 worms
  3 dart slugs
  24 orcs
  6 endoplasms
  4 goblins (D:4)
  7 hobgoblins
  9 jackals
  2 quokkas
  7 ball pythons
  4 bats
  4 frilled lizards
  5 kobolds
  13 rats
169 creatures vanquished.

Notes
Turn   | Place    | Note
-------+----------+-------------------------------------------
     0 | D:1      | MacCMillion the Gnoll Ice Elementalist began the quest for
                  | the Orb.
     0 | D:1      | Reached XP level 1. HP: 13/13 MP: 6/6
   204 | D:1      | Found a faded altar of an unknown god.
   207 | D:1      | Reached XP level 2. HP: 19/19 MP: 7/7
   698 | D:1      | Reached skill level 5 in Spellcasting
   698 | D:1      | Reached XP level 3. HP: 25/25 MP: 3/9
   702 | D:1      | Learned a level 3 spell: Frozen Ramparts
   710 | D:1      | Learned a level 3 spell: Ozocubu's Armour
   975 | D:1      | Found a faded altar of an unknown god.
  1271 | D:2      | Reached skill level 1 in Invocations
  1330 | D:2      | Found Dompeoh's Armour Boutique.
  1369 | D:2      | Reached skill level 1 in Fighting
  1369 | D:2      | Reached skill level 1 in Short Blades
  1369 | D:2      | Reached skill level 1 in Long Blades
  1369 | D:2      | Reached skill level 1 in Axes
  1369 | D:2      | Reached skill level 1 in Maces & Flails
  1369 | D:2      | Reached skill level 1 in Polearms
  1369 | D:2      | Reached skill level 1 in Staves
  1369 | D:2      | Reached skill level 1 in Ranged Weapons
  1369 | D:2      | Reached skill level 1 in Throwing
  1369 | D:2      | Reached skill level 1 in Armour
  1369 | D:2      | Reached skill level 1 in Shields
  1369 | D:2      | Reached skill level 1 in Unarmed Combat
  1369 | D:2      | Reached skill level 1 in Evocations
  1374 | D:2      | Reached XP level 4. HP: 32/32 MP: 3/11
  1756 | D:2      | Noticed Jessica
  1771 | D:2      | Killed Jessica
  1772 | D:2      | Reached skill level 1 in Conjurations
  1772 | D:2      | Reached skill level 1 in Hexes
  1772 | D:2      | Reached skill level 1 in Summonings
  1772 | D:2      | Reached skill level 1 in Necromancy
  1772 | D:2      | Reached skill level 1 in Translocations
  1772 | D:2      | Reached skill level 1 in Transmutations
  1772 | D:2      | Reached skill level 1 in Fire Magic
  1772 | D:2      | Reached skill level 1 in Air Magic
  1772 | D:2      | Reached skill level 1 in Earth Magic
  1772 | D:2      | Reached skill level 1 in Poison Magic
  2100 | D:3      | Reached XP level 5. HP: 37/37 MP: 5/12
  2339 | D:3      | Noticed Ijyb
  2350 | D:3      | Killed Ijyb
  2660 | D:3      | Learned a level 4 spell: Summon Ice Beast
  2777 | D:3      | Noticed Terence
  2784 | D:3      | Killed Terence
  2785 | D:3      | Reached XP level 6. HP: 44/44 MP: 5/14
  3223 | D:4      | Reached skill level 5 in Dodging
  3374 | D:4      | Found a staircase to the Ecumenical Temple.
  3396 | Temple   | Entered the Ecumenical Temple
  3623 | D:4      | Noticed an ice beast
  3640 | D:4      | Noticed a water moccasin
  3652 | D:4      | Killed a water moccasin
  3714 | D:4      | Reached XP level 7. HP: 50/50 MP: 9/15
  4011 | D:4      | Found a runed translucent door.
  4012 | D:4      | Noticed Crazy Yiuf
  4363 | D:4      | Noticed Sigmund
  4366 | D:4      | Noticed Edmund
  4381 | D:4      | Killed Edmund
  4382 | D:4      | Reached skill level 5 in Stealth
  4826 | D:4      | Killed Crazy Yiuf
  4905 | D:5      | Entered Level 5 of the Dungeon
  5088 | D:5      | Reached XP level 8. HP: 58/58 MP: 11/16
  5258 | D:5      | Found an opulent altar of Gozag.
  5261 | D:5      | Found a blossoming altar of Fedhas.
  6462 | D:6      | Reached XP level 9. HP: 65/65 MP: 11/18
  6625 | D:6      | Reached skill level 8 in Ice Magic
  7370 | D:7      | Noticed a two-headed ogre
  7386 | D:7      | Killed a two-headed ogre
  7387 | D:7      | Reached skill level 5 in Invocations
  8051 | D:7      | Found a transporter.
  8053 | D:7      | Found Nydiajihu's Weapon Emporium.
  8166 | D:7      | Found a transporter.
  8509 | D:8      | Reached skill level 5 in Fighting
  8509 | D:8      | Reached skill level 5 in Short Blades
  8509 | D:8      | Reached skill level 5 in Long Blades
  8509 | D:8      | Reached skill level 5 in Axes
  8509 | D:8      | Reached skill level 5 in Maces & Flails
  8509 | D:8      | Reached skill level 5 in Polearms
  8509 | D:8      | Reached skill level 5 in Staves
  8509 | D:8      | Reached skill level 5 in Ranged Weapons
  8509 | D:8      | Reached skill level 5 in Throwing
  8509 | D:8      | Reached skill level 5 in Armour
  8509 | D:8      | Reached skill level 5 in Shields
  8509 | D:8      | Reached skill level 5 in Unarmed Combat
  8509 | D:8      | Reached skill level 5 in Evocations
  8509 | D:8      | Reached XP level 10. HP: 74/74 MP: 13/20
  9723 | D:10     | Entered Level 10 of the Dungeon
 10086 | D:10     | Gained mutation: Your flesh is heat resistant. (rF+)
                  | [potion of mutation]
 10086 | D:10     | Gained mutation: You are partially covered in iridescent
                  | scales. (AC +2) [potion of mutation]
 10091 | D:10     | Slain by a wight

Illustrated notes

Levels and vault maps discovered:
D:1:      dpeg_arrival_ratfight, layout_rooms,
          hellmonk_ecumenical_altar_arch_garden
D:2:      layout_rooms, serial_shops, shop, uniq_jessica
D:3:      cheibrodos_pilgrimage, layout_basic, uniq_ijyb, uniq_terence
D:4:      layout_cave_pools, minmay_temple_entry_slanted, serial_bayou,
          serial_bayou_shore_a, serial_bayou_lagoon_b, serial_bayou_pond_b,
          serial_bayou_ford_a, sigmund_edmund_badplayer, uniq_crazy_yiuf_cottage
D:5:      layout_loops_cross, nicolae_overflow_squiral
D:6:      minmay_razor_zed, layout_cave_pools, chequers_avenue, uniq_edmund
D:7:      layout_cave_pools, serial_shops, nicolae_shop_drivethru
D:8:      layout_basic, eino_jars
D:9:      layout_roguey, lair_entry_dummy, erik_orc_1, ebering_ghost_xom
D:10:     layout_basic, small_statue_alley_a
Temple:   nicolae_temple_bog_church

Skill      XL: |  1  2  3  4  5  6  7  8  9 10 |
---------------+-------------------------------+-----
Spellcasting   | 5 6 7 |  7.4
Invocations    | 1 2 3 4 5 |  5.9
Fighting       | 1 2 3 5 |  5.4
Short Blades   | 1 2 3 5 |  5.4
Long Blades    | 1 2 3 5 |  5.4
Axes           | 1 2 3 5 |  5.4
Maces & Flails | 1 2 3 5 |  5.4
Polearms       | 1 2 3 5 |  5.4
Staves         | 1 2 3 5 |  5.4
Ranged Weapons | 1 2 3 5 |  5.4
Throwing       | 1 2 3 5 |  5.4
Armour         | 1 2 3 5 |  5.4
Shields        | 1 2 3 5 |  5.4
Unarmed Combat | 1 2 3 5 |  5.4
Evocations     | 1 2 3 5 |  5.4
Conjurations   | 1 2 3 4 |  4.4
Hexes          | 1 2 3 4 |  4.4
Summonings     | 1 2 3 4 |  4.4
Necromancy     | 1 2 3 4 |  4.4
Translocations | 1 2 3 4 |  4.4
Transmutations | 1 2 3 4 |  4.4
Fire Magic     | 1 2 3 4 |  4.4
Air Magic      | 1 2 3 4 |  4.4
Earth Magic    | 1 2 3 4 |  4.4
Poison Magic   | 1 2 3 4 |  4.4
Dodging        | 5 6 7 |  7.2
Stealth        | 5 6 |  6.9
Ice Magic      | 8 |  8.5

Action                     |  1- 3 |  4- 6 |  7- 9 | 10-12 || total
---------------------------+-------+-------+-------+-------++-------
  Melee: Dagger            |    15 |    76 |    93 |       ||   184
         Unarmed           |     1 |       |       |       ||     1
         Bite              |     1 |     8 |    32 |     9 ||    50
         Punch             |       |     1 |    10 |     3 ||    14
         Flail             |       |       |   139 |    55 ||   194
  Throw: Dart              |       |       |     3 |       ||     3
   Cast: Freeze            |    37 |    32 |    28 |       ||    97
         Frozen Ramparts   |     2 |    15 |    29 |    13 ||    59
         Ozocubu's Armour  |       |    10 |    30 |    10 ||    50
  Evoke: Wand              |       |       |       |     1 ||     1
    Use: Potion            |       |       |       |     3 ||     3
   Stab: Sleeping          |     5 |     3 |     5 |       ||    13
 Armour: Robe              |    14 |    33 |   124 |    36 ||   207
  Dodge: Dodged            |    28 |    53 |   198 |    74 ||   353

Table legend: (Time is in decaauts)
 A = Elapsed time spent in this place.
 B = Non-inter-level travel time spent in this place.
 C = Inter-level travel time spent in this place.
 D = Time resting spent in this place.
 E = Time spent auto-exploring this place.
 F = Levels seen in this place.
 G = Mean time per level.
                   A        B        C        D        E       F      G
               +--------+--------+--------+--------+--------+-----+--------+
         Total |  10132 |   9839 |    293 |   2221 |   5868 |  11 |  921.1 |
       Dungeon |   9911 |   9640 |    271 |   2221 |   5687 |  10 |  991.1 |
        Temple |    220 |    198 |     22 |      0 |    180 |   1 |  220.0 |
               +--------+--------+--------+--------+--------+-----+--------+

Top non-repeatable levels by time:
     D:4: 1684 daAuts
     D:6: 1598 daAuts
     D:1: 1241 daAuts
     D:8: 1112 daAuts
     D:3: 1086 daAuts
     D:7: 993 daAuts
     D:2: 809 daAuts
     D:5: 744 daAuts
    D:10: 371 daAuts
     D:9: 268 daAuts
  Temple: 220 daAuts
